 Dungeon Crawl Stone Soup version 0.28.0 (webtiles) character file.

Game seed: 13062098398756159147

5 inmateoo the Sneak (level 1, -3/18 HPs)
             Began as a Mummy Delver on Feb 14, 2022.
             Slain by a kobold (4 damage)
             ... in a sewer.
             The game lasted 00:00:49 (296 turns).

inmateoo the Sneak (Mummy Delver)                    Turns: 296, Time: 00:00:50

Health: -3/18      AC:  3    Str: 15    XL:     1   Next: 66%
Magic:  1/1        EV: 11    Int:  9    God:
Gold:   11         SH:  0    Dex: 13    Spells: 0/0 levels left

rFire   x . .      SeeInvis .   a - +0 falchion
rCold   + . .      Faith    .   (no shield)
rNeg    + + +      Spirit   .   b - +0 leather armour
rPois   ∞          Reflect  .   (no helmet)
rElec   .          Harm     .   (no cloak)
rCorr   .          Rampage  .   (no gloves)
Will    .....                   (no boots)
Stlth   ++........              (no amulet)
HPRegen 0.06/turn               (no ring)
MPRegen 0.07/turn               (no ring)

@: no status effects
A: cold resistance 1, negative energy resistance 3, torment resistance 2, heat
vulnerability 1, no potions
a: no special abilities


You were in a sewer.
You visited 1 branch of the dungeon, and saw 1 of its levels.
You also visited: Sewer.

You collected 11 gold pieces.

Inventory:

Hand Weapons
 a - a +0 falchion (weapon)
Armour
 b - a +0 leather armour (worn)
Wands
 f - a wand of digging (3)
Scrolls
 c - a scroll of fog
 d - a scroll of magic mapping


   Skills:
 + Level 3.4 Fighting
 - Level 1.5 Long Blades
 - Level 1.5 Dodging
 - Level 4.1 Stealth


You couldn't memorise any spells.
You didn't know any spells.
Your spell library was empty.

Dungeon Overview and Level Annotations

Branches:
Dungeon (5/15)              Sewer (1/1)
 Temple: D:4-7

Altars:

Annotations:
D:5 2 transporters, Angani's ghost, weakling DrDe


Innate Abilities, Weirdness & Mutations

You are immune to poison.
Your flesh is cold resistant. (rC+)
You are immune to negative energy. (rN+++)
You are immune to unholy pain and torment.
You are vulnerable to heat. (rF-)
You do not drink.


Message History

You kill the kobold!
No target in view!
You see here a +0 dagger.
You see here a sedimented inky potion.
There is a large open door here.
You open the large door. 2 kobolds come into view.
The kobold shouts!
You hear a shout!
A kobold comes into view. It is wielding a +0 short sword.
The kobold moves out of view.
Found a yellow potion and a ruby potion.
Found a gate leading back out of this place.
Found a fuming inky potion and a yellow potion.
There is a large open door here.
The kobold hits you with a +0 short sword.
The kobold hits you with a +0 club.
You closely miss the kobold.
The kobold shouts!
Your punch misses the kobold.
The kobold hits you but does no damage. x2
The kobold hits you with a +0 club.
You hit the kobold.
You kill the kobold!
The kobold hits you with a +0 club. The kobold closely misses you.
You are too injured to fight recklessly!
The kobold hits you with a +0 short sword.
There is a large open door here.
The kobold throws a stone.
The stone hits you.
* * * LOW HITPOINT WARNING * * *
You are too injured to fight recklessly!
You closely miss the kobold.
The kobold throws a stone.
The stone barely misses you.
You swing at nothing.
The kobold closely misses you.
You hit the kobold.
The kobold is severely wounded.
The kobold barely misses you.
The kobold hits you but does no damage. x2
The kobold hits you with a +0 short sword.
* * * LOW HITPOINT WARNING * * *
You hit the kobold but do no damage. The kobold hits you but does no damage.
The kobold hits you with a +0 short sword.
You die...

##.....≈≈≈≈≈
#.....≈≈≈#≈
##....P≈P#
#....P.≈#
#......P#
#.......#
##...≈.≈#
#...≈≈≈#
###@K≈≈#
##K'##
#....#
#.)..#
#!.∩.#
#!.!.#
######


You could see 2 kobolds.

Vanquished Creatures
  2 endoplasms (Sewer)
  A frilled lizard (Sewer)
  2 kobolds (Sewer)
5 creatures vanquished.

Vanquished Creatures (others)
  A plant (Sewer)
1 creature vanquished.

Grand Total: 6 creatures vanquished

Notes
Turn   | Place    | Note
-------+----------+-------------------------------------------
     0 | D:5      | inmateoo the Mummy Delver began the quest for the Orb.
     0 | D:5      | Reached XP level 1. HP: 18/18 MP: 1/1
     9 | D:5      | Found a transporter.
    28 | D:5      | Noticed a jelly
    33 | D:5      | Noticed a quasit
    35 | D:5      | Noticed Angani's ghost (weakling DrDe)
    36 | D:5      | Noticed a quasit
    36 | D:5      | Noticed a quasit
    48 | D:5      | Found a transporter.
    74 | D:5      | Found a glowing drain.
    89 | Sewer    | Entered a sewer
   296 | Sewer    | Slain by a kobold

Illustrated notes

Levels and vault maps discovered:
D:5:      layout_gridville, serial_shops, shop, gammafunk_ghost_stat_death,
          gup_sewer_entry_glass, uniq_duvessa
Sewer:    kennysheep_pipe_town

Action                   || total
-------------------------++-------
Melee: Falchion          ||    15
  Use: Scroll            ||     1
 Stab: Sleeping          ||     1
Armor: Leather armour    ||     5
Dodge: Dodged            ||     7
